 Dungeon Crawl Stone Soup version 0.29-a0-732-g3d7fbe0af2 (webtiles) character file.

Game seed: 6988081224125948643

9618 crusatyr the Destroyer (level 11, -11/74 HPs)
             Began as a Red Draconian Conjurer on June 29, 2022.
             Was an Elder of Sif Muna.
             Mangled by Urug
             ... wielding a +6 demon trident of electrocution
              (28 damage)
             ... on level 1 of the Lair of Beasts.
             The game lasted 00:42:19 (16382 turns).

crusatyr the Destroyer (Red Draconian Conjurer)    Turns: 16382, Time: 00:42:20

Health: -11/74     AC: 13    Str:  9    XL:     11   Next: 25%
Magic:  7/25       EV: 16    Int: 24    God:    Sif Muna [****..]
Gold:   391        SH:  5    Dex: 12    Spells: 19/30 levels left

rFire   + . .      SeeInvis .   F - +2 dagger (elec)
rCold   + . .      Faith    .   (no shield)
rNeg    . . .      Spirit   .   (body armour unavailable)
rPois   +          Reflect  +   (helmet restricted)
rElec   .          Harm     .   t - +0 cloak of Lucidity {rPois Dex+3 Stlth+}
rCorr   .          Rampage  .   v - +0 pair of gloves
Will    .....                   f - +3 pair of mountain boots {steadfast, rC+}
Stlth   ++++......              r - amulet of reflection
HPRegen 0.22/turn               C - +4 ring of evasion
MPRegen 0.19/turn               (no ring)

@: no status effects
A: breathe fire, AC +7, unfitting armour, fire resistance 1, cold-blooded
a: Breathe Fire, Renounce Religion, Channel Magic, Forget Spell, Divine Exegesis


You were on level 1 of the Lair of Beasts.
You worshipped Sif Muna.
Sif Muna was greatly pleased with you.
You visited 3 branches of the dungeon, and saw 12 of its levels.
You also visited: Sewer and Ossuary.

You collected 663 gold pieces.
You spent 272 gold pieces at shops.

Inventory:

Hand Weapons
 F - a +2 dagger of electrocution (weapon)
Armour
 f - the +3 pair of mountain boots (worn) {steadfast, rC+}
   (You acquired it on level 6 of the Dungeon)

   It prevents involuntary movement, except for blinking, teleportation, or
   banishment.
   rC:        It protects you from cold.
 t - the +0 cloak of Lucidity (worn) {rPois Dex+3 Stlth+}
   (You bought it in a shop on level 8 of the Dungeon)

   Dex:       It affects your dexterity (+3).
   rPois:     It protects you from poison.
   Stlth:     It makes you more stealthy.
 v - a +0 pair of gloves (worn)
Jewellery
 j - a +4 ring of slaying
 r - an amulet of reflection (around neck)
 x - a ring of fire
 C - a +4 ring of evasion (left hand)
 G - a ring of see invisible
Wands
 w - a wand of acid (2)
 z - a wand of mindburst (15)
 D - a wand of charming (11)
 E - a wand of digging (3)
Scrolls
 b - 4 scrolls of fear
 g - 2 scrolls of enchant weapon {unknown}
 h - 3 scrolls of enchant armour
 y - a scroll of silence
 A - a scroll of magic mapping
 B - 3 scrolls of identify
 H - a scroll of teleportation
Potions
 a - a potion of magic
 c - 3 potions of might {unknown}
 d - a potion of degeneration {unknown}
 e - a potion of brilliance {unknown}
 i - 7 potions of heal wounds
 k - a potion of invisibility {unknown}
 l - 7 potions of curing
 m - a potion of resistance {unknown}
 n - 3 potions of mutation {unknown}
 o - 2 potions of cancellation {unknown}
 p - a potion of haste
 q - a potion of attraction {unknown}
 s - 3 potions of flight {unknown}
 u - 3 potions of lignification {unknown}
 I - 2 potions of berserk rage {unknown}


   Skills:
 - Level 1.7 Dodging
 - Level 5.0 Stealth
 + Level 10.2 Spellcasting
 + Level 11.5 Conjurations
 + Level 8.4 Invocations


You had 19 spell levels left.
You knew the following spells:

 Your Spells              Type           Power      Damage    Failure   Level
a - Magic Dart            Conj           100%       1d8       1%          1
b - Searing Ray           Conj           100%       2d8       1%          2
c - Fulminant Prism       Conj/Hex       20%        3d13      4%          4
d - Iskenderun's Mystic   Conj/Tloc      40%        2d9       4%          4

Your spell library contained the following spells:

 Spells                   Type           Power      Damage    Failure   Level
 Static Discharge         Conj/Air       40%        N/A       1%          2
 Conjure Flame            Conj/Fire      40%        6-21      1%          3
 Dazzling Flash           Conj/Hex       80%        N/A       1%          3
 Stone Arrow              Conj/Erth      80%        3d12      1%          3
 Sticky Flame             Conj/Fire      40%        2d6       4%          4
 Sandblast                Erth           24%        2d8       5%          1
 Passwall                 Tmut/Erth      10%        N/A       8%          2
 Ignite Poison            Fire/Tmut/Pois 12%        N/A       16%         3
 Dispel Undead            Necr           12%        3d9       45%         4
 Summon Forest            Summ/Tloc      6%         N/A       82%         5
 Summon Mana Viper        Hex/Summ       12%        N/A       82%         5
 Summon Cactus Giant      Summ           6%         N/A       100%        6


Dungeon Overview and Level Annotations

Branches:
Dungeon (10/15)            Temple (1/1) D:4            Lair (1/6) D:8
  Sewer (visited)         Ossuary (visited)
    Orc: D:9-12

Altars:
Ashenzari
Cheibriados
Dithmenos
Elyvilon
Fedhas
Gozag
Hepliaklqana
Kikubaaqudgha
Makhleb
Nemelex Xobeh
Okawaru
Qazlal
Ru
Sif Muna
Trog
Uskayaw
Vehumet
Wu Jian
Xom
Yredelemnul
Zin
The Shining One

Shops:
D:7 =   D:8 [

Annotations:
D:9 1 runed translucent door, turdburglar's ghost, novice DsMo
D:10 Fannar
Lair:1 Urug


Innate Abilities, Weirdness & Mutations

You can breathe blasts of fire.
Your fiery red scales are hard. (AC +7)
You cannot fit into any form of body armour.
Your flesh is heat resistant. (rF+)
You are cold-blooded and may be slowed by cold attacks.


Message History

The blast of energy engulfs the blink frog!!
You kill the blink frog!
Sif Muna accepts your kill.
The blast of energy engulfs the blink frog!!
The blink frog is almost dead.
The blast of energy engulfs the blink frog!!
You kill the blink frog!
Sif Muna accepts your kill.
You hear a bellow!
The searing ray hits Urug.
Urug is moderately wounded.
The searing ray hits the blink frog.
You kill the blink frog!
Sif Muna accepts your kill.
Urug hits you from afar with a +6 demon trident of electrocution!!
You are electrocuted!
The searing ray hits Urug.
Urug is heavily wounded.
You finish channelling your searing ray.
Urug throws a silver javelin.
The silver javelin pierces through you but does no damage.
Casting: Searing Ray (safe; 1% risk of failure)
Confirm with . or Enter, or press ? or * to list all spells.
Aiming: Searing Ray (safe; 1% risk of failure)
Press: ? - help, Shift-Dir - straight line, f/p - Urug
Aim: Urug, wielding a +6 demon trident of electrocution, wearing a +2 ring mail of willpower, quivering silver javelins and carrying a wand of charming (7) (heavily wounded, 79% to hit)
The searing ray hits Urug!
Urug is heavily wounded. (Press . to maintain the ray.) Urug zaps a wand.
You easily resist.
The searing ray misses Urug.
Urug zaps a wand.
You easily resist.
The searing ray hits Urug.
Urug is severely wounded.
Urug hits you from afar with a +6 demon trident of electrocution!!
* * * LOW HITPOINT WARNING * * *
The searing ray hits Urug.
Urug is severely wounded.
You finish channelling your searing ray.
Urug hits you from afar with a +6 demon trident of electrocution!!
You die...

... ....#
... ....
.. ...#
.....#
.#..#
...# #..#
#@.# #..#
o..#
.†..#
..††.#
......#
.......#
........#


You could see Urug.

Vanquished Creatures
  A gargoyle (D:7)
  2 trolls
  3 blink frogs (Lair:1)
  Prince Ribbit (D:9)
  2 wraiths
  A shadow (D:7)
  5 wyverns
  4 yaks (D:8)
  3 steam dragons
  2 basilisks (D:8)
  Menkaure (D:7)
  6 water moccasins
  A black bear (D:5)
  5 orc warriors
  An ogre (D:5)
  4 centaurs
  6 kobold brigands
  5 bullfrogs
  2 elf zombies (Ossuary)
  2 gnoll sergeants
  A necrophage (D:4)
  5 scorpions
  13 wights
  3 killer bees (D:7)
  6 howler monkeys
  An electric eel (D:8)
  A centaur zombie (Ossuary)
  3 jellies
  A gnoll shaman (D:8)
  3 human zombies (Ossuary)
  7 orc priests
  8 hounds
  Jessica (D:2)
  10 orc wizards
  Natasha (thrice) (D:2)
  3 iguanas
  3 mummies (Ossuary)
  12 gnolls
  8 adders
  4 river rats (Sewer)
  A white imp (D:7)
  An ufetubus (D:7)
  2 adder zombies (Ossuary)
  2 worms
  2 dart slugs
  41 orcs
  19 ball pythons
  6 bats
  7 endoplasms
  5 giant cockroaches
  8 goblins
  8 hobgoblins
  4 jackals
  5 quokkas
  5 frilled lizards
  2 gnoll zombies (Ossuary)
  4 goblin zombies (Ossuary)
  3 hobgoblin zombies (Ossuary)
  8 jackal zombies (Ossuary)
  42 kobolds
  2 kobold zombies (Ossuary)
  2 orc zombies (Ossuary)
  5 quokka zombies (Ossuary)
  21 rats
  2 rat zombies (Ossuary)
  A fulminant prism (D:10)
361 creatures vanquished.

Vanquished Creatures (others)
  A gnoll (D:8)
  4 fulminant prisms
  2 fungi (D:8)
  37 plants
44 creatures vanquished.

Grand Total: 405 creatures vanquished

Notes
Turn   | Place    | Note
-------+----------+-------------------------------------------
     0 | D:1      | crusatyr the Draconian Conjurer began the quest for the
                  | Orb.
     0 | D:1      | Reached XP level 1. HP: 14/14 MP: 3/3
   377 | D:1      | Reached XP level 2. HP: 20/20 MP: 3/5
   472 | D:1      | You fall into a shaft and drop 1 floor!
   893 | D:2      | Reached XP level 3. HP: 26/26 MP: 1/6
  1022 | D:2      | Found a faded altar of an unknown god.
  1773 | D:2      | Learned a level 2 spell: Searing Ray
  1856 | D:2      | Noticed Natasha
  1884 | D:2      | Killed Natasha
  1885 | D:2      | Reached XP level 4. HP: 33/33 MP: 3/8
  2011 | D:2      | Noticed Jessica
  2030 | D:2      | Killed Jessica
  2185 | D:2      | Noticed Natasha
  2191 | D:2      | Killed Natasha
  2196 | D:2      | Noticed Natasha
  2202 | D:2      | Killed Natasha
  2203 | D:2      | Reached skill level 5 in Conjurations
  2203 | D:2      | Reached XP level 5. HP: 13/38 MP: 2/9
  2541 | D:2      | Found a glowing silver altar of Zin.
  3388 | D:3      | Found an ornate altar of the Wu Jian Council.
  3628 | D:4      | Found a glowing drain.
  3632 | Sewer    | Entered a sewer
  3845 | Sewer    | Reached XP level 6. HP: 32/45 MP: 1/11
  4841 | D:4      | Found a staircase to the Ecumenical Temple.
  4902 | Temple   | Entered the Ecumenical Temple
  4991 | Temple   | Became a worshipper of Sif Muna the Loreminder
  5231 | D:4      | Your scales start taking on a fiery red colour.
  5231 | D:4      | Reached XP level 7. HP: 50/50 MP: 8/13
  5231 | D:4      | Gained mutation: Your flesh is heat resistant. (rF+) [Red
                  | Draconian growth]
  5577 | D:5      | Entered Level 5 of the Dungeon
  5581 | D:5      | Reached skill level 6 in Conjurations
  5696 | D:5      | Found an opulent altar of Gozag.
  5739 | D:5      | Found a glowing golden altar of the Shining One.
  5788 | D:5      | Reached skill level 5 in Stealth
  5882 | D:5      | Reached skill level 5 in Spellcasting
  6103 | D:5      | Reached * piety under Sif Muna
  6255 | D:5      | Reached XP level 8. HP: 57/57 MP: 10/16
  6261 | D:5      | Reached skill level 7 in Conjurations
  6907 | D:6      | Found a radiant altar of Vehumet.
  6910 | D:6      | Identified a scroll of acquirement
  6910 | D:6      | Acquired the +3 pair of mountain boots {steadfast, rC+}
  6910 | D:6      | Found the +3 pair of mountain boots {steadfast, rC+}
  7378 | D:6      | Reached skill level 8 in Conjurations
  7399 | D:6      | Found a sand-covered staircase.
  7403 | Ossuary  | Entered an ossuary
  7715 | Ossuary  | Reached ** piety under Sif Muna
  9088 | D:6      | Reached XP level 9. HP: 62/62 MP: 12/19
  9390 | D:7      | Reached skill level 1 in Invocations
  9586 | D:7      | Found Zisaaq's Jewellery Shoppe.
  9640 | D:7      | Noticed Menkaure
  9644 | D:7      | Killed Menkaure
  9672 | D:7      | Reached skill level 9 in Conjurations
  9963 | D:7      | Reached *** piety under Sif Muna
 10595 | D:7      | Noticed a gargoyle
 10596 | D:7      | Noticed a boulder beetle
 10702 | D:7      | Learned a level 4 spell: Fulminant Prism
 10707 | D:7      | Learned a level 4 spell: Iskenderun's Mystic Blast
 10742 | D:7      | Killed a gargoyle
 10810 | D:7      | Reached skill level 5 in Invocations
 11229 | D:8      | Reached XP level 10. HP: 69/69 MP: 16/22
 11285 | D:8      | Found a staircase to the Lair.
 11303 | D:8      | Found a sacrificial altar of Ru.
 11304 | D:8      | Found an iron altar of Okawaru.
 11473 | D:8      | Reached skill level 10 in Conjurations
 12398 | D:8      | Reached **** piety under Sif Muna
 12575 | D:8      | Found a shadowy altar of Dithmenos.
 12879 | D:8      | Found a glowing silver altar of Zin.
 12989 | D:8      | Found Pulo's Armour Shop.
 13567 | D:8      | Bought the +0 cloak of Lucidity {rPois Dex+3 Stlth+} for
                  | 272 gold pieces
 13634 | D:9      | Reached skill level 11 in Conjurations
 13898 | D:9      | Found a blossoming altar of Fedhas.
 14476 | D:9      | Noticed turdburglar's ghost (novice DsMo)
 14573 | D:9      | Noticed Prince Ribbit
 14581 | D:9      | Killed Prince Ribbit
 14648 | D:9      | Reached XP level 11. HP: 49/74 MP: 9/24
 14924 | D:9      | Found a runed translucent door.
 15156 | D:10     | Entered Level 10 of the Dungeon
 15272 | D:10     | Noticed Fannar
 15501 | D:10     | Reached skill level 10 in Spellcasting
 15633 | D:10     | Found a sparkling altar of Nemelex Xobeh.
 16370 | Lair:1   | Entered Level 1 of the Lair of Beasts
 16373 | Lair:1   | Noticed Urug
 16382 | Lair:1   | Mangled by Urug

Illustrated notes

Levels and vault maps discovered:
D:1:      minmay_arrival_doors, layout_basic
D:2:      layout_loops_cross, shapermc_ecumenical_altar_totnotflames,
          basic_altar, minivault_26, uniq_jessica, uniq_natasha
D:3:      layout_basic, pdpol_wu_jian_five_deadly_venoms,
          kennysheep_generic_room_8
D:4:      layout_gridville, minmay_temple_entry_antechambers,
          gup_sewer_entry_bowl
D:5:      layout_cave_pools, nicolae_tso_carved_into_rock, lemuel_crystal_altar,
          serial_bayou, serial_bayou_pond_c, serial_bayou_pond_a,
          serial_bayou_pond_b, serial_bayou_lagoon_a, serial_bayou_pond_c
D:6:      layout_basic, mainiacjoe_overflow_catwalk, enter_ossuary_5
D:7:      minmay_chambers_of_sixes, layout_basic, serial_shops,
          nicolae_shop_behind_doors, uniq_menkaure
D:8:      layout_loops_ring, nicolae_dithmenos_the_darkroom,
          mainiacjoe_overflow_catwalk_spiral, mainiacjoe_overflow_boulevard,
          minmay_lair_entry_grove, serial_shops, kennysheep_mini,
          hangedman_decor_growths, serial_bayou_pond_b
D:9:      layout_loops_corners, fedhas_ov_isle_minmay, hellmonk_ghost_big_iron,
          uniq_prince_ribbit1
D:10:     layout_roguey, old_standard_altar, uniq_fannar
Temple:   nicolae_temple_hex_pool
Lair:1:   layout_long_grid, nzn_sisyphean_effort, uniq_erica, uniq_urug

Skill      XL: |  1  2  3  4  5  6  7  8  9 10 11 |
---------------+----------------------------------+-----
Stealth        | 2 3 4 5 |  5.0
Spellcasting   | 3 4 5 7 8 9 10 | 10.2
Conjurations   | 5 6 8 9 11 | 11.5
Invocations    | 5 7 8 |  8.4
Dodging        | |  1.7

Action                   |  1- 3 |  4- 6 |  7- 9 | 10-12 || total
-------------------------+-------+-------+-------+-------++-------
Melee: Dagger            |    21 |    62 |    10 |     4 ||    97
       Club              |     3 |       |       |       ||     3
       Tailslap          |     2 |     6 |     3 |     1 ||    12
       Punch             |     1 |     1 |       |       ||     2
       Unarmed           |     1 |       |       |       ||     1
 Cast: Magic Dart        |    87 |   138 |   215 |   134 ||   574
       Searing Ray       |     2 |    14 |    59 |    75 ||   150
       Fulminant Prism   |       |       |       |     5 ||     5
  Use: Scroll            |       |     3 |    11 |       ||    14
       Potion            |       |       |     2 |     2 ||     4
 Stab: Sleeping          |       |       |       |     1 ||     1
Armor: Skin              |     9 |    37 |    73 |    41 ||   160
Dodge: Dodged            |    22 |    59 |    93 |   114 ||   288
Block: Other             |       |       |     1 |    38 ||    39
       Reflection        |       |       |       |     5 ||     5

Table legend: (Time is in decaauts)
 A = Elapsed time spent in this place.
 B = Non-inter-level travel time spent in this place.
 C = Inter-level travel time spent in this place.
 D = Time resting spent in this place.
 E = Time spent auto-exploring this place.
 F = Levels seen in this place.
 G = Mean time per level.
                   A        B        C        D        E       F      G
               +--------+--------+--------+--------+--------+-----+--------+
         Total |  16458 |  16142 |    316 |   1178 |  12076 |  14 | 1175.6 |
       Dungeon |  14129 |  13813 |    316 |   1138 |  10269 |  10 | 1412.9 |
        Temple |    102 |    102 |      0 |      0 |     70 |   1 |  102.0 |
          Lair |     11 |     11 |      0 |      0 |      0 |   1 |   11.0 |
         Sewer |   1114 |   1114 |      0 |     40 |    825 |   1 | 1114.0 |
       Ossuary |   1099 |   1099 |      0 |      0 |    912 |   1 | 1099.0 |
               +--------+--------+--------+--------+--------+-----+--------+

Top non-repeatable levels by time:
     D:8: 2323 daAuts
     D:7: 1786 daAuts
     D:9: 1570 daAuts
     D:2: 1561 daAuts
     D:6: 1524 daAuts
     D:5: 1353 daAuts
    D:10: 1184 daAuts
   Sewer: 1114 daAuts
 Ossuary: 1099 daAuts
     D:1: 1094 daAuts
     D:3: 882 daAuts
     D:4: 849 daAuts
  Temple: 102 daAuts
  Lair:1: 11 daAuts
